 Dungeon Sprint DCSS version 0.30-a0-1094-g860fb061e7 (webtiles) character file.

Game seed: 11882578621590220279

543 fozzywoppz the Blocker (level 7, 0/62 HPs)
             Began as a Formicid Fighter on Apr 18, 2023.
             Was a Follower of Qazlal.
             Slain by a two-headed ogre
             ... wielding a +0 giant club
              (7 damage)
             ... in the Dungeon (Sprint V: "Ziggurat Sprint").
             The game lasted 00:03:08 (186 turns).

fozzywoppz the Blocker (Formicid Fighter)            Turns: 186, Time: 00:03:08

Health: 0/62       AC: 21    Str: 28    XL:     7   Next: 52%
Magic:  7/10       EV:  6    Int:  8    God:    Qazlal [*.....]
Gold:   0          SH: 22    Dex: 19    Spells: 6/6 levels left

rFire   + + +      SeeInvis +    z - +7 great mace "Firestarter" {flame, immolate, rFlCloud rF++}
rCold   + . .      Faith    .    C - +3 tower shield
rNeg    . . .      Spirit   .    E - +5 gold dragon scales
rPois   +          Reflect  .    (helmet unavailable)
rElec   .          Rampage  .    (no cloak)
rCorr   .                        (no gloves)
Will    .....                    (no boots) Stlth
                                 (no amulet)
HPRegen 0.30/turn                t - +6 ring of dexterity
MPRegen 0.12/turn                x - +6 ring of strength

@: no status effects
A: permanent stasis, dig shafts and tunnels, antennae 3, four strong arms
a: Dig, Renounce Religion


You were in the Dungeon.
You worshipped Qazlal.
Qazlal was aware of your devotion.
You visited 1 branch

Inventory:

Hand Weapons
 z - the +7 great mace "Firestarter" (weapon) {flame, immolate, rFlCloud rF++}
   (You found it in the Dungeon)

   rFlCloud:  It grants immunity to clouds of flame.
   rF:        It greatly protects you from fire.
 A - the +6 shillelagh "Devastator" {shatter}
   (You found it in the Dungeon)
 B - the +10 dark maul {heavy}
   (You found it in the Dungeon)
Armour
 C - a +3 tower shield (worn)
 D - a +5 crystal plate armour
 E - +5 gold dragon scales (worn)
Jewellery
 t - a +6 ring of dexterity (left hand)
 x - a +6 ring of strength (right hand)
Wands
 b - a wand of polymorph (7)
 q - a wand of mindburst (13)
 r - a wand of acid (7)
Scrolls
 m - 4 scrolls of amnesia
 n - 7 scrolls of fog
 o - 5 scrolls of identify
 p - 2 scrolls of fear
Potions
 d - 6 potions of might
 e - 10 potions of curing
 f - 10 potions of heal wounds
 g - 7 potions of magic
 i - 2 potions of brilliance
 j - 2 potions of invisibility
 k - 4 potions of resistance
Miscellaneous
 c - a box of beasts


   Skills:
 + Level 8.3 Fighting
 + Level 7.1 Maces & Flails
 + Level 8.3 Armour
 + Level 6.1 Dodging
 + Level 9.8 Shields
 - Level 4.2 Invocations


You had 6 spell levels left.
You didn't know any spells.
Your spell library was empty.

Dungeon Overview and Level Annotations

Branches:
Dungeon (1/1)

Altars:
Ashenzari
Cheibriados
Dithmenos
Elyvilon
Fedhas
Gozag
Hepliaklqana
Kikubaaqudgha
Makhleb
Nemelex Xobeh
Okawaru
Qazlal
Ru
Sif Muna
Trog
Uskayaw
Vehumet
Wu Jian
Xom
Yredelemnul
Zin
The Shining One
Jiyva
Lugonu

Annotations:
D 1 transporter


Innate Abilities, Weirdness & Mutations

You cannot be hasted, slowed, berserked, paralysed or teleported.
You can dig through walls and to a lower floor.
You have a pair of large antennae on your head. (SInv)
Your four strong arms can wield two-handed weapons with a shield.


Message History

Okay, then.
You feel more experienced!
Your Fighting skill increases to level 8!
Your Maces & Flails skill gained 2 levels and is now at level 7!
Your Armour skill increases to level 8!
Your Dodging skill gained 2 levels and is now at level 6!
Your Shields skill increases to level 9!
Your Invocations skill gained 4 levels and is now at level 4!
You have reached level 7!
You see here a +0 trident of flaming.
There is a transporter here.
Welcome to arena 3.
You enter the transporter and appear at another place.
An ogre, a two-headed ogre and 2 trolls come into view.
The troll shouts!
The ogre shouts!
Found four items.
Found a transporter.
Okay, then.
You barely miss the troll. You block the troll's attack.
The troll claws you but does no damage. You block the troll's attack.
You thump the troll! You burn the troll.
The troll is filled with an inner flame.
The troll is moderately wounded.
The two-headed ogre is engulfed in blazing flames.
You block the two-headed ogre's attack. x2; You block the troll's attack.
The troll claws you. x2; You block the troll's attack. x2
The troll claws you but does no damage.
The ogre hits you with a +0 giant spiked club!!
* * * LOW HITPOINT WARNING * * *
You hit the troll but do no damage.
The troll is moderately wounded.
The two-headed ogre is engulfed in blazing flames.
You block the two-headed ogre's attack.
The two-headed ogre hits you with a +0 giant spiked club!
* * * LOW HITPOINT WARNING * * *
You block the ogre's attack. You block the troll's attack. x2
The troll claws you but does no damage.
The two-headed ogre is engulfed in blazing flames.
The two-headed ogre closely misses you.
The two-headed ogre hits you with a +0 giant spiked club!
You die...

▓▓▓▓▓▓▓▓▓▓▓▓▓▓▓▓▓▓▓
▓.8©8.▓.8©8.▓.8©8.▓
▓.[=}.▓.[)..▓.....▓
▓..|..▓..=..▓...|.▓
▓.....▓.....▓.....▓
▓.....▓.....▓...†.▓
▓.§TO.▓.....▓..©..▓
▓.O@T.▓..©..▓▓▓▓▓▓▓
▓▓▓▓▓▓▓▓▓▓▓▓▓ {{{
{{{ { { {


You could see a two-headed ogre, 2 trolls and an ogre.

Vanquished Creatures
  A floating eye (D)
  2 scorpions (D)
  2 jellies (D)
5 creatures vanquished.

Notes
Turn   | Place    | Note
-------+----------+-------------------------------------------
     0 | D        | fozzywoppz the Formicid Fighter began the quest for the
                  | Orb.
     0 | D        | Reached XP level 1. HP: 18/18 MP: 1/1
     0 | D        | Found a shimmering blue altar of Sif Muna.
     0 | D        | Found a sacrificial altar of Ru.
     0 | D        | Found a bloodstained altar of Trog.
     0 | D        | Found a stormy altar of Qazlal.
     0 | D        | Found an iron altar of Okawaru.
     0 | D        | Found a sparkling altar of Nemelex Xobeh.
     0 | D        | Found a blossoming altar of Fedhas.
     0 | D        | Found the +6 Majin-Bo {spellvamp, MP+6 Int+6}
     0 | D        | Found the +27 heavy crossbow "Sniper" {heavy, Acc+∞ SInv}
     0 | D        | Found the +10 dark maul {heavy}
     0 | D        | Found the +15 Maxwell's patent armour {-Cast -Tele rElec
                  | Will+ rCorr}
     0 | D        | Found the +18 shield of the Gong {Loud rN+ Will+ rCorr
                  | EV-5}
     0 | D        | Found the +16 obsidian axe {drain, demonic, Mesm Drain Fly
                  | SInv}
     0 | D        | Found the +7 great mace "Firestarter" {flame, immolate,
                  | rFlCloud rF++}
     0 | D        | Found the +6 shillelagh "Devastator" {shatter}
     0 | D        | Found the +11 plutonium sword {Contam Stlth-}
     0 | D        | Found the +8 lance "Wyrmbane" {slay drac, rPois rF+ rC+
                  | AC+3}
     0 | D        | Found the +9 sword of Zonguldrok {reap}
     0 | D        | Found the +13 scythe of Curses {drain, curses, Drain}
     0 | D        | Found the +9 sword of Power {lifebolt}
     0 | D        | Found the +7 mace of Variability {chaos, chaos arc}
     0 | D        | Found the +11 Singing Sword {sonic wave}
     0 | D        | Found the +8 storm bow {elec, penet}
     0 | D        | Banished a spatial maelstrom
     2 | D        | Found a transporter.
     2 | D        | Found an ancient bone altar of Kikubaaqudgha.
     2 | D        | Found a viscous altar of Jiyva.
     2 | D        | Found a corrupted altar of Lugonu.
     2 | D        | Found a hazy altar of Hepliaklqana.
     2 | D        | Found a burning altar of Makhleb.
     2 | D        | Found an opulent altar of Gozag.
    83 | D        | Became a worshipper of Qazlal Stormbringer
    91 | D        | Entered arena 2.
    91 | D        | Noticed a scorpion
    91 | D        | Noticed a scorpion
    91 | D        | Found a transporter.
    94 | D        | Killed a scorpion
    94 | D        | Killed a scorpion
    95 | D        | Reached skill level 5 in Fighting
    95 | D        | Reached skill level 5 in Armour
    95 | D        | Reached skill level 6 in Shields
    95 | D        | Reached XP level 2. HP: 19/27 MP: 2/2
    95 | D        | Reached XP level 3. HP: 23/33 MP: 3/3
    95 | D        | Reached XP level 4. HP: 27/39 MP: 4/4
    95 | D        | Reached XP level 5. HP: 32/45 MP: 5/5
   152 | D        | Entered arena 3.
   152 | D        | Noticed a floating eye
   152 | D        | Found a transporter.
   156 | D        | Reached * piety under Qazlal
   157 | D        | Reached skill level 7 in Shields
   159 | D        | Killed a floating eye
   160 | D        | Reached skill level 5 in Maces & Flails
   160 | D        | Reached skill level 8 in Shields
   160 | D        | Reached XP level 6. HP: 34/53 MP: 6/6
   178 | D        | Reached skill level 9 in Shields
   178 | D        | Reached XP level 7. HP: 35/62 MP: 6/10
   181 | D        | Entered arena 4.
   181 | D        | Noticed a troll
   181 | D        | Noticed a two-headed ogre
   181 | D        | Noticed a troll
   181 | D        | Found a transporter.
   186 | D        | Slain by a two-headed ogre

Illustrated notes

Levels and vault maps discovered:
D:        sprint_v [room_start, room_1, room_2, room_3, room_4, room_5, room_6,
          room_7, room_8, room_9, room_10, room_11, room_12, room_13, room_14,
          room_15, room_16, room_17, room_18, room_19, room_20, room_21,
          room_22, room_23, room_24, room_25, room_26, room_27]

Skill      XL: |  1  2  3  4  5  6 |
---------------+-------------------+-----
Fighting       | 5 6 8 |  8.3
Maces & Flails | 4 5 7 |  7.1
Armour         | 5 6 8 |  8.3
Dodging        | 3 4 6 |  6.1
Shields        | 6 8 9 |  9.8
Invocations    | 4 |  4.2

Action                     |  1- 3 |  4- 6 |  7- 9 || total
---------------------------+-------+-------+-------++-------
  Melee: Great mace        |     2 |     7 |     3 ||    12
  Evoke: Wand              |       |     1 |       ||     1
    Use: Potion            |       |     1 |       ||     1
 Armour: Gold dragon scale |     2 |     4 |     3 ||     9
  Dodge: Dodged            |       |     1 |     1 ||     2
  Block: Tower shield      |     1 |     6 |    11 ||    18

Table legend: (Time is in decaauts)
 A = Elapsed time spent in this place.
 B = Non-inter-level travel time spent in this place.
 C = Inter-level travel time spent in this place.
 D = Time resting spent in this place.
 E = Time spent auto-exploring this place.
 F = Levels seen in this place.
 G = Mean time per level.
                   A        B        C        D        E       F      G
               +--------+--------+--------+--------+--------+-----+--------+
         Total |    192 |    192 |      0 |     48 |      0 |   1 |  192.0 |
       Dungeon |    192 |    192 |      0 |     48 |      0 |   1 |  192.0 |
               +--------+--------+--------+--------+--------+-----+--------+

Top non-repeatable levels by time:
       D: 192 daAuts
